 Dungeon Crawl Stone Soup version 0.19-a0-1111-gcceb26a (webtiles) character file.

9691 4thArraOfDagon the Grappler (level 11, -1/147 HPs)
             Began as a Troll Arcane Marksman on Aug 10, 2016.
             Was an Elder of Vehumet.
             Slain by a death yak (24 damage)
             ... in an ice cave.
             The game lasted 00:23:36 (4338 turns).

4thArraOfDagon the Grappler (Troll Arcane Marksman) Turns: 4338, Time: 00:23:37

Health: -1/147     AC:  6    Str: 24    XL:     11   Next: 26%
Magic:  14/14      EV: 11    Int: 12    God:    Vehumet [****..]
Gold:   331        SH:  0    Dex:  9    Spells: 2 memorised, 11 levels left

rFire  . . .     SeeInvis .       - Unarmed
rCold  . . .     Gourm    +     x - +0 robe {MR+}
rNeg   . . .     Faith    .     (no shield)
rPois  .         Spirit   .     (helmet restricted)
rElec  .         Dismiss  .     q - +0 cloak
rCorr  .         Reflect  .     (gloves unavailable)
SustAt .         Harm     .     (boots unavailable)
MR     ++...                    z - amulet of rage
Stlth  ..........               (no ring)
                                (no ring)

@: berserking (expiring), very quick
A: unfitting armour, claws 3, fast metabolism 3, gourmand, magic resistance 1,
regeneration 2, shaggy fur 1, tough skin 2, weak 1, subdued magic 1
a: Renounce Religion, Evoke Berserk Rage


You were in an ice cave.
You worshipped Vehumet.
Vehumet was greatly pleased with you.
You were not hungry.

You visited 1 branch of the dungeon, and saw 12 of its levels.
You also visited: Ice Cave.

You collected 331 gold pieces.

Inventory:

Hand Weapons
 c - a +0 blowgun
Missiles
 d - a throwing net
 K - 3 large rocks (quivered)
Armour
 a - a +0 robe
 q - a +0 cloak (worn)
 x - a +0 robe of magic resistance (worn)
Jewellery
 t - an uncursed amulet of faith
 z - an amulet of rage (around neck)
 I - a +3 amulet of reflection
Wands
 C - a wand of enslavement (2/24)
 D - a wand of iceblast (6/15)
 F - a wand of heal wounds (0/9)
 H - a wand of flame (14/48)
Scrolls
 e - 2 scrolls of blinking {unknown}
 i - 2 scrolls of enchant armour {unknown}
 j - 4 scrolls of fog
 m - 5 scrolls of remove curse
 n - 2 scrolls of immolation
 p - 3 scrolls of enchant weapon {unknown}
 r - 2 scrolls of recharging {unknown}
 v - 3 scrolls of random uselessness {unknown}
 y - 4 scrolls of magic mapping
 B - 2 scrolls of brand weapon {unknown}
 E - 2 scrolls of teleportation
Potions
 g - a potion of lignification
 h - a potion of ambrosia
 k - 4 potions of curing
 l - a potion of brilliance
 o - a potion of resistance
 s - 3 potions of degeneration {degent, unknown}
 u - 2 potions of might {unknown}
 J - a potion of agility
Books
 b - a book of Debilitation

   Spells                             Type                      Level
   a - Corona                         Hexes                        1
   b - Slow                           Hexes                        2
   c - Gell's Gravitas                Hexes/Translocation          3
   d - Inner Flame                    Hexes/Fire                   3
   e - Cause Fear                     Hexes                        4
   f - Leda's Liquefaction            Hexes/Earth                  4
Comestibles
 f - 6 bread rations
 w - a royal jelly
 A - 4 meat rations


   Skills:
 + Level 3.6 Fighting
 - Level 1.7 Throwing
 + Level 3.6 Dodging
 - Level 14.0 Unarmed Combat
 + Level 3.0 Spellcasting
 - Level 2.0 Hexes
 + Level 3.9 Earth Magic
 - Level 3.2 Evocations


You had 11 spell levels left.
You knew the following spells:

 Your Spells              Type           Power        Failure   Level  Hunger
a - Corona                Hex            #......      10%         1    #......
b - Leda's Liquefaction   Hex/Erth       #.........   75%         4    #####..


Dungeon Overview and Level Annotations

Branches:
Dungeon (12/15)              Lair (0/6) D:8
 Temple: D:4-7          Orc: D:9-12

Altars:
Fedhas
Gozag
Hepliaklqana
Okawaru
Qazlal
Ru
Vehumet
Xom
Yredelemnul
Zin
Beogh

Shops:
D:5 =   D:12 (

Annotations:
D:11 Snorg


Innate Abilities, Weirdness & Mutations

You are too large for most types of armour.
You have claws for hands.
Your metabolism is lightning-fast.
You like to eat raw meat.
You heal very quickly.
You are covered in fur. (AC +1)
You have very tough skin. (AC +2)
You are resistant to hostile enchantments. (MR+)
You are weak. (Str -2)
Your spells are a little easier to cast, but a little less powerful.


Message History

The yak is moderately wounded.
You eviscerate the yak!!!
You kill the yak!
Vehumet accepts your kill.
Your Spellcasting skill increases to level 3!
A death yak comes into view.
You scratch the death yak.
The death yak is lightly wounded.
Unknown command.
You scratch the death yak.
The death yak is lightly wounded.
The death yak barely misses you.
Unknown command.
You mangle the death yak!!
The death yak is heavily wounded.
Unknown command.
You claw the death yak!
The death yak is heavily wounded.
The death yak gores you!!
You die... ##.# ..h #. ##.# .Y#.# ##.## .YY

###.## #.##
.##..# ##†#
.###.# #h## .#
#.## #†## .#
#..# ####Y# ##
##.## ###..@.#
#
#..#####......#
.#
##..#........##
.#
##......#####
## #..##### #
####


You could see a death yak.

Vanquished Creatures
  Erolcha (D:12)
  The ghost of WhatIsLove the Magician, a novice DrTm (D:5)
  2 hill giants
  2 ice devils (D:12)
  2 polar bears (IceCv)
  Sigmund (D:2)
  5 humans (D:6)
  A wyvern (D:10)
  4 yaks
  Menkaure (D:4)
  2 water moccasins
  4 orc warriors
  4 ice beasts
  2 sky beasts
  A black bear (D:10)
  7 wolves (IceCv)
  3 centaurs
  An ogre (D:8)
  A crocodile (D:8)
  3 big kobolds
  5 giant frogs
  Blork the orc (D:5)
  A wyvern zombie (D:9)
  2 scorpions
  5 killer bees
  4 wights (D:11)
  3 howler monkeys (D:11)
  A crimson imp (D:12)
  A centaur zombie (D:8)
  12 orc priests
  A giant frog skeleton (D:10)
  A giant frog zombie (D:7)
  4 jellies
  9 orc wizards
  5 hounds
  2 centaur skeletons
  2 iguanas (D:6)
  6 worker ants
  A killer bee zombie (D:6)
  A hound zombie (D:8)
  A hound skeleton (D:5)
  3 gnolls (D:6)
  10 adders
  2 shadow imps (D:7)
  2 oozes
  An adder skeleton (D:4)
  3 worms
  2 giant geckos
  29 orcs
  2 ball pythons
  6 bats
  5 giant cockroaches
  2 hobgoblins (D:1)
  2 jackals (D:7)
  2 quokkas
  3 giant newts
  16 kobolds
  12 rats
  A fungus (D:6)
219 creatures vanquished.

Vanquished Creatures (collateral kills)
  A killer bee (D:8)
1 creature vanquished.

Vanquished Creatures (others)
  2 killer bees (D:8)
2 creatures vanquished.

Grand Total: 222 creatures vanquished

Notes
Turn   | Place    | Note
-------+----------+-------------------------------------------
     0 | D:1      | 4thArraOfDagon the Troll Arcane Marksman began the quest for the Orb.
     0 | D:1      | Reached XP level 1. HP: 18/18 MP: 1/1
    74 | D:1      | Reached skill level 1 in Unarmed Combat
   119 | D:1      | Reached XP level 2. HP: 25/26 MP: 2/2
   237 | D:2      | Reached skill level 2 in Unarmed Combat
   348 | D:3      | You fall through a shaft for 2 floors!
   348 | D:5      | Entered Level 5 of the Dungeon
   348 | D:5      | Noticed an ice beast
   348 | D:5      | Noticed a scorpion
   356 | D:5      | Reached skill level 3 in Unarmed Combat
   356 | D:5      | Reached XP level 3. HP: 14/32 MP: 3/3
   376 | D:5      | Killed an ice beast
   376 | D:5      | Reached skill level 4 in Unarmed Combat
   376 | D:5      | Reached XP level 4. HP: 29/40 MP: 4/4
   376 | D:5      | Reached XP level 5. HP: 33/46 MP: 5/5
   403 | D:5      | Noticed Blork the orc
   404 | D:5      | Noticed WhatIsLove's ghost (novice DrTm)
   405 | D:5      | Found Umyuma Wifa's Jewellery Emporium.
   438 | D:5      | Killed WhatIsLove's ghost
   438 | D:5      | Reached skill level 8 in Unarmed Combat
   438 | D:5      | Reached XP level 6. HP: 42/54 MP: 6/6
   438 | D:5      | Reached XP level 7. HP: 47/61 MP: 7/7
   446 | D:5      | Killed Blork the orc
   516 | D:5      | Found a shimmering altar of Xom.
   516 | D:5      | Found a shimmering altar of Xom.
   517 | D:5      | Found a shimmering altar of Xom.
   518 | D:5      | Found a shimmering altar of Xom.
   572 | D:5      | Found a hazy altar of Hepliaklqana.
   573 | D:5      | Found a radiant altar of Vehumet.
   580 | D:5      | Became a worshipper of Vehumet
   665 | D:4      | Reached skill level 9 in Unarmed Combat
   711 | D:4      | Noticed Menkaure
   730 | D:4      | Killed Menkaure
   730 | D:4      | Reached XP level 8. HP: 68/68 MP: 8/8
   785 | D:4      | Found a basalt altar of Yredelemnul.
   866 | D:5      | Gained mutation: You are resistant to hostile enchantments. (MR+) [mutagenic meat]
   869 | D:5      | Gained mutation: You are weak. (Str -2) [mutagenic meat]
   872 | D:5      | Gained mutation: Armour fits poorly on your strangely shaped body. [mutagenic meat]
   875 | D:5      | Lost mutation: Armour fits poorly on your strangely shaped body. [mutagenic meat]
   878 | D:5      | Gained mutation: Your spells are a little easier to cast, but a little less powerful. [mutagenic meat]
   916 | D:5      | Reached skill level 10 in Unarmed Combat
  1008 | D:3      | Found an iron altar of Okawaru.
  1020 | D:3      | Reached * piety under Vehumet
  1020 | D:3      | Offered knowledge of Shock by Vehumet.
  1221 | D:2      | Noticed Sigmund
  1240 | D:2      | Killed Sigmund
  1481 | D:6      | Reached skill level 11 in Unarmed Combat
  1611 | D:6      | Reached XP level 9. HP: 61/75 MP: 9/9
  1674 | D:6      | Reached skill level 12 in Unarmed Combat
  1769 | D:6      | Reached ** piety under Vehumet
  1789 | D:6      | Offered knowledge of Sandblast by Vehumet.
  1819 | D:6      | Found a blossoming altar of Fedhas.
  1824 | D:6      | Found a stormy altar of Qazlal.
  2026 | D:6      | Reached skill level 13 in Unarmed Combat
  2170 | D:7      | Offered knowledge of Searing Ray by Vehumet.
  2399 | D:7      | Found a sacrificial altar of Ru.
  2575 | D:8      | Found an opulent altar of Gozag.
  2679 | D:8      | Reached skill level 1 in Evocations
  2689 | D:8      | Reached XP level 10. HP: 42/83 MP: 10/10
  2690 | D:8      | Noticed an elephant
  2815 | D:8      | Found a glowing silver altar of Zin.
  2842 | D:8      | Found a staircase to the Lair.
  3049 | D:8      | Reached *** piety under Vehumet
  3221 | D:10     | Entered Level 10 of the Dungeon
  3227 | D:10     | Reached skill level 14 in Unarmed Combat
  3296 | D:10     | Found a roughly hewn altar of Beogh.
  3348 | D:10     | Offered knowledge of Dazzling Spray by Vehumet.
  3380 | D:10     | Learned a level 4 spell: Leda's Liquefaction
  3470 | D:9      | Reached skill level 1 in Fighting
  3563 | D:10     | Noticed a hill giant
  3616 | D:10     | Reached skill level 1 in Earth Magic
  3662 | D:10     | Killed a hill giant
  3685 | D:11     | Noticed Snorg
  3735 | D:11     | Reached **** piety under Vehumet
  3780 | D:11     | Offered knowledge of Yara's Violent Unravelling by Vehumet.
  3887 | D:12     | Noticed a hill giant
  3896 | D:12     | Killed a hill giant
  3958 | D:12     | Noticed Erolcha
  3962 | D:12     | Killed Erolcha
  3962 | D:12     | Reached XP level 11. HP: 42/97 MP: 13/13
  3987 | D:12     | Found Noetubyth's Antique Weapon Emporium.
  4092 | D:12     | Found a frozen archway.
  4130 | IceCv    | Entered an ice cave
  4317 | IceCv    | HP: 4/97 [yak (8)]
  4335 | IceCv    | Noticed a death yak
  4338 | IceCv    | Slain by a death yak

Vault maps used:
D:1:      lemuel_arrival_funnel
D:2:      lemuel_crystal_altar, uniq_jessica, uniq_sigmund
D:3:      tso_oasis_becter, eat_drink_and_be_merry_uskayaw,
          nicolae_overflow_crystal_walls, minmay_randomly_rotated_circles
D:4:      kennysheep_ying_yang, trog_hazing_becter, uniq_crazy_yiuf_cottage,
          uniq_menkaure
D:5:      xom_redecorated, gammafunk_temple_overflow_statue, serial_shops, shop,
          first_bread, uniq_blork_the_orc
D:6:      grunt_temple_overflow_forces_of_nature, minmay_crystal_room,
          minmay_ruffians
D:7:      lemuel_round_altar
D:8:      zin_academy, david_lair_generic, basic_altar, blue_anna_alchemist
D:10:     orc_0_dummy, serial_bayou_lagoon_a, minivault_1,
          david_defended_altar_orc
D:11:     kennysheep_kobold_lugonu_temple, uniq_snorg
D:12:     portal_ice_cave_demonic_guard, serial_shops, shop, corner_web_ring,
          uniq_rupert, uniq_nergalle, uniq_erolcha
IceCv:    ice_cave_caverns_01

Skill      XL: |  1  2  3  4  5  6  7  8  9 10 11 |
---------------+----------------------------------+-----
Unarmed Combat | 1 3 4 8 9 11 13 14 | 14.0
Evocations     | 1 3 |  3.2
Fighting       | 3 |  3.6
Earth Magic    | 3 |  3.9
Spellcasting   | 2 3 |  3.0
Dodging        | 2 3 |  3.6
Throwing       | |  1.7
Hexes          | |  2.0

Action                   |  1- 3 |  4- 6 |  7- 9 | 10-12 || total
-------------------------+-------+-------+-------+-------++-------
Melee: Unarmed           |    62 |    28 |   383 |   274 ||   747
       Punch             |       |     1 |    12 |    12 ||    25
Throw: Large rock        |     4 |       |     9 |    10 ||    23
       Throwing net      |     2 |       |     1 |       ||     3
 Abil: Evoke Berserk Rag |       |       |       |     4 ||     4
Evoke: Wand              |       |       |       |     6 ||     6
  Use: Potion            |     1 |     1 |     2 |     1 ||     5
       Scroll            |       |     1 |     4 |     6 ||    11
  Eat: Chunk             |     7 |       |    27 |    13 ||    47
       Pizza             |       |       |     1 |       ||     1
Armor: Robe              |    36 |     1 |   103 |    51 ||   191
       Skin              |       |    15 |       |       ||    15
Dodge: Dodged            |    48 |     1 |   128 |   109 ||   286
Block: Other             |       |       |       |    12 ||    12
